 Dungeon Crawl Stone Soup version 0.26-a0-800-g517d6fe721 (webtiles) character file.

Game seed: 5593469243957598990

51 lunkers the Digger (level 3, -2/21 HPs)
             Began as an Octopode Earth Elementalist on Nov 11, 2020.
             Slain by a gnoll (8 damage)
             ... on level 1 of the Dungeon.
             The game lasted 00:02:05 (1387 turns).

lunkers the Digger (Octopode Earth Elementalist)    Turns: 1387, Time: 00:02:06

Health: -2/21      AC:  1    Str:  7    XL:     3   Next: 81%
Magic:  5/6        EV: 13    Int: 18    God:
Gold:   116        SH:  0    Dex: 12    Spells: 6/7 levels left

rFire    . . .     SeeInvis .   (no weapon)
rCold    . . .     Faith    .   (no shield)
rNeg     . . .     Spirit   .   (helmet restricted)
rPois    .         Reflect  .   (no amulet)
rElec    .         Harm     .   (no ring)
rCorr    .         Rampage  .   (no ring)
MR       .....                  (no ring)
Stlth    +++.......             (no ring)
HPRegen  0.07/turn              (no ring)
MPRegen  0.10/turn              (no ring)
                                (no ring)
                                (no ring)

@: no status effects
A: almost no armour, stealthy swim, amphibious, 8 rings, constrict 8, camouflage
1, gelatinous body 1
a: no special abilities


You were on level 1 of the Dungeon.
You visited 1 branch of the dungeon, and saw 2 of its levels.

You collected 116 gold pieces.

Inventory:

Missiles
 b - 6 stones (quivered)
Jewellery
 c - an uncursed ring of wizardry {unknown}
 d - an uncursed ring of see invisible {unknown}
Scrolls
 e - a scroll of noise {unknown}
Potions
 a - a potion of mutation {unknown}


   Skills:
 - Level 2.0 Dodging
 - Level 2.6 Stealth
 + Level 2.6 Spellcasting
   Level 1.0 Transmutations
 * Level 4.1 Earth Magic


You had 6 spell levels left.
You knew the following spells:

 Your Spells              Type           Power        Failure   Level
a - Sandblast             Erth           ###...       3%          1

Your spell library contained the following spells:

 Spells                   Type           Power        Failure   Level
 Passwall                 Tmut/Erth      ##......     9%          2
 Stone Arrow              Conj/Erth      #.....       22%         3
 Petrify                  Tmut/Erth      ##......     50%         4
 Lee's Rapid Deconstruct  Erth           ###.......   63%         5


Dungeon Overview and Level Annotations

Branches:
Dungeon (2/15)

Altars:


Innate Abilities, Weirdness & Mutations

You cannot wear most types of armour.
You are very stealthy in the water. (Stealth+)
You are amphibious.
You can wear up to eight rings at the same time.
You can use your tentacles to constrict eight enemies at once.
Your skin changes colour to match your surroundings (Stealth+).
Your rubbery body absorbs attacks. (AC +1, EV +1)


Message History

Aim: a gnoll, wearing a +0 ring mail The blast of sand hits the gnoll but does no damage.
b - 7 stones
* * * LOW MAGIC WARNING * * *
The gnoll hits you.
* * * LOW HITPOINT WARNING * * *
Unknown command.
Things that are here:
a +0 dagger; a kobold skeleton You see here a frilled lizard skeleton.
You see here a kobold skeleton.
Casting: Sandblast (safe; 3% risk of failure)
Confirm with . or Enter, or press ? or * to list all spells.
Aiming: Sandblast (safe; 3% risk of failure)
Press: ? - help, Shift-Dir - straight line, f/p - gnoll
Aim: a gnoll, wearing a +0 ring mail The blast of sand hits the gnoll but does no damage.
b - 6 stones The gnoll hits you!
You die...

#.# #.# ###.#.. #># #.####
#.....# #.# #....# #.....#
#.# ####.# #.....# #.# #.#
#.....# #.# #.# #...... #.#
#.# #...... #.# #g# #...###
#.# #@# #...# #†#
##.##########...### #.#
#..................
#.########........#.##...###
#.>.............###.##...##.
##########.####)# #.##...##.
#.# #.###.#....##. #.#
#.............
#.########.#...###.


You could see a gnoll.

Vanquished Creatures
  2 gnolls
  A dart slug (D:1)
  A ball python (D:1)
  5 bats
  2 giant cockroaches (D:1)
  6 goblins (D:1)
  3 hobgoblins (D:1)
  A frilled lizard (D:1)
  4 kobolds (D:1)
  3 rats (D:1)
28 creatures vanquished.

Notes
Turn   | Place    | Note
-------+----------+-------------------------------------------
     0 | D:1      | lunkers the Octopode Earth Elementalist began the quest for
                  | the Orb.
     0 | D:1      | Reached XP level 1. HP: 11/11 MP: 3/3
   333 | D:1      | Reached XP level 2. HP: 17/17 MP: 3/5
   502 | D:1      | Reached XP level 3. HP: 21/21 MP: 2/6
   918 | D:1      | Reached skill level 4 in Earth Magic
  1387 | D:1      | Slain by a gnoll

Illustrated notes

Levels and vault maps discovered:
D:1:      dpeg_arrival_rooms_b, layout_loops_ring
D:2:      layout_loops_cross, nicolae_overflow_hidden_temple

Skill      XL: |  1  2  3 |
---------------+----------+-----
Earth Magic    | 4 |  4.1
Dodging        | |  2.0
Stealth        | |  2.6
Spellcasting   | |  2.6
Transmutations | |  1.0

Action                   || total
-------------------------++-------
Melee: Unarmed           ||    18
       Constrict         ||     5
       Tentacles         ||     1
Throw: Stone             ||     4
 Cast: Sandblast         ||    49
Armor: Skin              ||     8
Dodge: Dodged            ||    33

Table legend: (Time is in decaauts)
 A = Elapsed time spent in this place.
 B = Non-inter-level travel time spent in this place.
 C = Inter-level travel time spent in this place.
 D = Time resting spent in this place.
 E = Time spent auto-exploring this place.
 F = Levels seen in this place.
 G = Mean time per level.
                   A        B        C        D        E       F      G
               +--------+--------+--------+--------+--------+-----+--------+
         Total |   1387 |   1309 |     78 |      0 |   1079 |   2 |  693.5 |
       Dungeon |   1387 |   1309 |     78 |      0 |   1079 |   2 |  693.5 |
               +--------+--------+--------+--------+--------+-----+--------+

Top non-repeatable levels by time:
     D:1: 1316 daAuts
     D:2: 70 daAuts
